 Dungeon Crawl Stone Soup version 0.30-a0-585-g93115170b9 (webtiles) character file.

Game seed: 13620467036513349819

20885 OTABOTABOTAB the Devastator (level 12, -8/70 HPs)
             Began as a Deep Elf Conjurer on Jan 1, 2023.
             Was a Believer of Sif Muna.
             Killed from afar by a ynoxinul (10 damage)
             ... with an iron shot
             ... summoned by an orc high priest
             ... on level 2 of the Orcish Mines.
             The game lasted 00:41:12 (14854 turns).

OTABOTABOTAB the Devastator (Deep Elf Conjurer)    Turns: 14854, Time: 00:41:12

Health: -8/70      AC:  7    Str:  4    XL:     12   Next: 49%
Magic:  13/42      EV: 11    Int: 29    God:    Sif Muna [**....]
Gold:   1125       SH:  0    Dex: 13    Spells: 25/42 levels left

rFire   . . .      SeeInvis .    d - +4 scythe (flame)
rCold   . . .      Faith    .    (shield currently unavailable)
rNeg    . . .      Spirit   .    r - +0 troll leather armour
rPois   .          Reflect  .    (no helmet)
rElec   .          Harm     .    v - scarf {repulsion}
rCorr   .          Rampage  .    n - +0 pair of gloves
Will    +....                    e - +1 pair of boots
Stlth   ++                       (no amulet)
HPRegen 1.11/turn                t - ring of magical power {MP+9}
MPRegen 0.28/turn                Z - ring of wizardry {Wiz+, !d}

@: repel missiles
A: no striking features
a: Renounce Religion, Channel Magic


You were on level 2 of the Orcish Mines.
You worshipped Sif Muna.
Sif Muna was pleased with you.
You visited 3 branches of the dungeon, and saw 14 of its levels.

You collected 1125 gold pieces.

Inventory:

Hand Weapons
 d - a +4 scythe of flaming (weapon)
   (You took it off Sigmund on level 6 of the Dungeon)
Missiles
 s - 22 stones
 w - 6 boomerangs
 y - 2 javelins
Armour
 a - a +0 robe
 e - a +1 pair of boots (worn)
   (You found it on level 2 of the Dungeon)
 n - a +0 pair of gloves (worn)
   (You found it on level 4 of the Dungeon)
 r - a +0 troll leather armour (worn)
   (You found it on level 10 of the Dungeon)
 v - a scarf of repulsion (worn)
   (You found it on level 8 of the Dungeon)
Jewellery
 k - a ring of magical power {MP+9}
   (You took it off a gnoll on level 9 of the Dungeon)
 m - a ring of see invisible {sInv, !d}
   (You took it off a gnoll on level 9 of the Dungeon)
 q - a ring of flight {+Fly, !d}
   (You found it on level 4 of the Dungeon)
 t - a ring of magical power (left hand) {MP+9}
   (You found it on level 4 of the Dungeon)
 F - a ring of protection from fire {rF+, !d}
   (You found it on level 11 of the Dungeon)
 Z - a ring of wizardry (right hand) {Wiz+, !d}
   (You found it on level 10 of the Dungeon)
Wands
 i - a wand of iceblast (5)
   (You found it on level 7 of the Dungeon)
 p - a wand of paralysis (26)
   (You found it on level 3 of the Dungeon)
 x - a wand of quicksilver (4)
   (You found it on level 10 of the Dungeon)
Scrolls
 f - a scroll of enchant weapon
 j - 2 scrolls of poison {!r}
 o - a scroll of amnesia
 z - a scroll of enchant armour
 O - a scroll of silence
 V - a scroll of vulnerability {!r!r}
 X - a scroll of magic mapping {@r4!r}
 Y - a scroll of teleportation {@r3}
Potions
 c - a potion of cancellation
 l - a potion of attraction {!q}
 G - 2 potions of ambrosia {!q}
 H - a potion of haste
 I - a potion of invisibility
 J - a potion of curing {@q1}
 L - a potion of flight
 M - 3 potions of might
 N - a potion of heal wounds {@q2}
 P - 3 potions of lignification {!q}
 T - a potion of berserk rage {!q}


   Skills:
 + Level 6.0 Fighting
 - Level 2.4 Dodging
 - Level 2.4 Stealth
 + Level 15.5 Spellcasting
 + Level 16.0 Conjurations
 - Level 3.0 Hexes
 - Level 3.0 Translocations
 + Level 5.7 Invocations


You had 25 spell levels left.
You knew the following spells:

 Your Spells              Type           Power      Damage    Failure   Level
a - Magic Dart            Conj           100%       1d8       0%          1
b - Searing Ray           Conj           100%       2d8       0%          2
c - Fulminant Prism       Conj/Hex       33%        3d16      1%          4
d - Call Canine Familiar  Summ           22%        N/A       4%          3
e - Summon Guardian Gole  Hex/Summ       31%        N/A       2%          3
x - Iskenderun's Mystic   Conj/Tloc      67%        2d14      1%          4

Your spell library contained the following spells:

 Spells                   Type           Power      Damage    Failure   Level
 Beastly Appendage        Tmut           44%        N/A       1%          1
 Summon Small Mammal      Summ           88%        N/A       1%          1
 Dazzling Flash           Conj/Hex       100%       N/A       1%          3
 Wereblood                Tmut           22%        N/A       2%          2
 Ozocubu's Armour         Ice            22%        N/A       4%          3
 Spider Form              Tmut/Pois      22%        N/A       4%          3
 Metabolic Englaciation   Hex/Ice        15%        N/A       22%         5
 Alistair's Intoxication  Tmut/Pois      14%        N/A       38%         5
 Borgnjor's Vile Clutch   Necr/Erth      11%        N/A       38%         5
 Eringya's Noxious Bog    Tmut/Pois      11%        N/A       90%         6
 Simulacrum               Ice/Necr       11%        N/A       90%         6


Dungeon Overview and Level Annotations

Branches:
Dungeon (11/15)            Temple (1/1) D:6            Lair (0/5) D:9
    Orc (2/2) D:11            Elf (0/3) Orc:2

Altars:
Ashenzari
Cheibriados
Dithmenos
Elyvilon
Fedhas
Gozag
Hepliaklqana
Kikubaaqudgha
Makhleb
Nemelex Xobeh
Okawaru
Qazlal
Ru
Sif Muna
Trog
Uskayaw
Vehumet
Wu Jian
Xom
Yredelemnul
Zin
The Shining One
Lugonu

Shops:
D:8 ?   D:11 *

Portals:
Abyss: D:8

Annotations:
D:10 2 transporters


Message History

You regained 2 hp, and now have 27/69 hp.
You regained 3 mp, and now have 13/42 mp.
You erupt in a blast of force!
The mystic blast hits the orc sorcerer!
The orc sorcerer is knocked back by the mystic blast.
The orc sorcerer slams into the rock wall!
The mystic blast hits the orc priest!
You kill the orc priest!
Sif Muna accepts your kill.
The mystic blast hits the orc warrior but does no damage.
The mystic blast hits the orc knight!
The orc knight is knocked back by the mystic blast.
The orc knight slams into the rock wall!
The mystic blast hits the orc knight!!
The orc knight is knocked back by the mystic blast.
The orc knight collides with the orc sorcerer!
The orc knight no longer looks unusually strong.
The orc knight roars a battlecry!
The orc high priest goes into a battle-frenzy!
The orc knight roars a battlecry!
The orc knight goes into a battle-frenzy!
You erupt in a blast of force!
The mystic blast hits the orc sorcerer!
The orc sorcerer is knocked back by the mystic blast.
The orc sorcerer slams into the rock wall!
You kill the orc sorcerer!
Sif Muna accepts your kill.
The mystic blast hits the orc knight.
The orc knight is knocked back by the mystic blast.
The orc knight slams into the rock wall!
The mystic blast hits the orc knight!!
The orc knight is knocked back by the mystic blast.
The orc knight collides with the orc warrior!
The mystic blast hits the orc knight!
The orc knight is knocked back by the mystic blast.
The orc knight no longer looks unusually strong.
The orc knight roars a battlecry!
The orc knight goes into a battle-frenzy!
You erupt in a blast of force!
The mystic blast hits the orc warrior.
The orc warrior is knocked back by the mystic blast.
The mystic blast hits the orc knight!
The orc knight is knocked back by the mystic blast.
The orc knight slams into the rock wall!
The mystic blast hits the orc knight!!
The orc knight is knocked back by the mystic blast.
The orc knight slams into the rock wall!
The mystic blast hits the orc knight!
You kill the orc knight!
Sif Muna accepts your kill.
An ogre comes into view. It is wielding a +0 giant club.
An orc comes into view. It is wielding a +0 morningstar.
Your Fighting skill increases to level 6!
You erupt in a blast of force!
The mystic blast hits the orc knight!
You kill the orc knight!
Sif Muna accepts your kill.
The mystic blast hits the orc high priest!!
The orc high priest is knocked back by the mystic blast.
The mystic blast hits the orc knight.
The orc knight is knocked back by the mystic blast.
The orc knight slams into the rock wall!
The orc high priest utters an invocation to Beogh.
Your Conjurations skill increases to level 16!
You regained 2 mp, and now have 17/42 mp.
You erupt in a blast of force!
The mystic blast hits the orc knight!!
The orc knight is knocked back by the mystic blast.
The mystic blast hits the orc knight.
The orc knight is knocked back by the mystic blast.
The orc knight slams into the rock wall!
The orc high priest invokes the aid of Beogh against you.
Beogh smites you!
* * * LOW HITPOINT WARNING * * *
You take 10 damage, and have 21/70 hp.
You now have 16/42 mp.
You erupt in a blast of force!
The mystic blast hits the ynoxinul!!
The ynoxinul is knocked back by the mystic blast.
The ynoxinul collides with the orc high priest!
The mystic blast hits the orc warrior!
The orc warrior is knocked back by the mystic blast.
The mystic blast hits the orc knight!
The orc knight is knocked back by the mystic blast.
The orc knight slams into the rock wall!
You feel less invigorated.
You hear a shout!
An orc sorcerer comes into view. It is wielding a +0 dagger. x2
An orc knight comes into view. It is wielding a +2 dire flail.
The ynoxinul gestures at you. The iron shot hits you!!
* * * LOW HITPOINT WARNING * * *
The orc knight roars a battlecry!
The orcs go into a battle-frenzy!
The orc warrior throws a boomerang.
The boomerang barely misses you.
You take 21 damage, and have 1/70 hp.
MASSIVE DAMAGE!!
You erupt in a blast of force!
The mystic blast hits the orc.
The orc is knocked back by the mystic blast.
The mystic blast hits the orc high priest!
The orc high priest is knocked back by the mystic blast.
The mystic blast hits the orc knight!
You kill the orc knight!
Sif Muna accepts your kill.
The orc knight roars a battlecry!
The ynoxinul gestures at you. The iron shot hits you!
You die...

*,,_,,*,,,,,,,,,,,,,,,,,,**
**,,,
**,,,**,...o............** **,,
,*****,,..#............## **,
,,,,,,,,,#.o............# **
**,,,,,.##..............# *
**,,,,...........#....#* *
*,,,,.$..$.)O.).....#.#********
**,,,#.......).........,,,,,,,*
*,,,....o....@<..o.#.,,*****,*
*,,,..$......)).......,*,,,*,*
*,,,.....4..)..........*,,8*,#
**,,.....#3.#.#.o..#...+,,,*.#
**,.....#...##..o.....#####.*
**......o..###.#..........,#
**..........##.##.##.....#*.
*,........)#.............##.
*,####....ยง...........#..<..


You could see 2 orc knights, an orc high priest (strong), an ice devil
(summoned), a ynoxinul (summoned), 2 orc sorcerers, an orc warrior (strong), an
ogre and an orc (strong).

Vanquished Creatures
  An ettin (Orc:1)
  Josephine (Orc:2)
  Erolcha (D:9)
  2 two-headed ogres
  7 death yaks (D:9)
  A deep troll (Orc:2)
  4 orc knights (Orc:2)
  Pikel (D:6)
  2 orc sorcerers (Orc:2)
  A manticore (D:11)
  An unseen horror (D:11)
  A kobold demonologist (D:10)
  2 trolls
  Prince Ribbit (D:9)
  A yak (D:11)
  Sigmund (D:6)
  3 wraiths (Orc:2)
  A shadow (D:10)
  3 steam dragons
  2 wyverns (D:8)
  2 vampire mosquitoes (D:11)
  3 wargs (Orc:2)
  A water moccasin (D:7)
  2 ice beasts (D:6)
  A sky beast (D:8)
  3 black bears
  11 orc warriors
  2 centaurs
  2 lemures (D:6)
  A phantom (D:5)
  3 bullfrogs
  A necrophage (D:4)
  6 gnoll sergeants
  4 scorpions
  A water moccasin zombie (D:5)
  5 wights (D:7)
  10 killer bees
  An electric eel (D:7)
  2 howler monkeys
  A bullfrog zombie (D:5)
  5 hounds
  10 orc priests
  A centaur skeleton (D:5)
  A jelly (D:5)
  5 iguanas
  Jessica (D:3)
  9 orc wizards
  25 gnolls
  8 adders
  2 river rats (D:5)
  A white imp (D:5)
  An ufetubus (D:5)
  2 worms
  4 dart slugs
  61 orcs
  4 ball pythons
  3 bats
  5 endoplasms
  4 giant cockroaches
  4 goblins
  3 hobgoblins
  2 jackals (D:2)
  A quokka (D:3)
  5 frilled lizards
  7 kobolds
  8 rats
  2 fulminant prisms (D:9)
  A lurking horror (D:8)
284 creatures vanquished.

Vanquished Creatures (collateral kills)
  An orc knight (Orc:1)
  An orc priest (Orc:1)
  2 orc wizards (D:11)
  5 orcs
9 creatures vanquished.

Vanquished Creatures (others)
  A gargoyle (D:11)
  5 yaks (D:11)
  An acid dragon (D:11)
  3 ogres (Orc:1)
  2 orc warriors (Orc:1)
  An iguana (Orc:1)
  An orc wizard (Orc:1)
  An orc (Orc:1)
  58 fulminant prisms
73 creatures vanquished.

Grand Total: 366 creatures vanquished

Notes
Turn   | Place    | Note
-------+----------+-------------------------------------------
     0 | D:1      | OTABOTABOTAB the Deep Elf Conjurer began the quest for the
                  | Orb.
     0 | D:1      | Reached XP level 1. HP: 10/10 MP: 6/6
    98 | D:1      | Reached XP level 2. HP: 15/15 MP: 6/8
   123 | D:1      | Learned a level 2 spell: Searing Ray
   565 | D:2      | Found a faded altar of an unknown god.
   570 | D:2      | Reached skill level 5 in Conjurations
   723 | D:2      | Reached XP level 3. HP: 19/19 MP: 8/10
  1151 | D:2      | Reached skill level 4 in Spellcasting
  1467 | D:3      | Reached XP level 4. HP: 24/24 MP: 3/12
  1472 | D:3      | Learned a level 4 spell: Fulminant Prism
  1477 | D:3      | Learned a level 4 spell: Iskenderun's Mystic Blast
  1552 | D:3      | Noticed Jessica
  1557 | D:3      | Killed Jessica
  1673 | D:3      | Reached skill level 6 in Conjurations
  1673 | D:3      | Reached skill level 1 in Hexes
  1673 | D:3      | Reached skill level 1 in Translocations
  2162 | D:3      | Reached XP level 5. HP: 28/28 MP: 10/13
  3005 | D:4      | HP: 7/28 [orc wizard/magic dart (7)]
  3008 | D:4      | Reached skill level 2 in Hexes
  3216 | D:4      | Reached skill level 5 in Spellcasting
  3216 | D:4      | Reached skill level 2 in Translocations
  3216 | D:4      | Reached XP level 6. HP: 30/32 MP: 5/15
  3902 | D:5      | Entered Level 5 of the Dungeon
  3902 | D:5      | Found a stormy altar of Qazlal.
  3943 | D:5      | Reached skill level 3 in Hexes
  4012 | D:5      | Reached skill level 7 in Conjurations
  4033 | D:5      | Reached XP level 7. HP: 36/36 MP: 17/17
  4096 | D:5      | Reached skill level 3 in Translocations
  4235 | D:5      | Reached skill level 6 in Spellcasting
  4300 | D:5      | Reached skill level 8 in Conjurations
  4515 | D:5      | Found a shadowy altar of Dithmenos.
  4818 | D:5      | Reached skill level 7 in Spellcasting
  4818 | D:5      | Reached XP level 8. HP: 41/41 MP: 20/20
  5154 | D:5      | Reached skill level 9 in Conjurations
  5610 | D:6      | Noticed Sigmund
  5615 | D:6      | Killed Sigmund
  5747 | D:6      | Found a staircase to the Ecumenical Temple.
  5752 | Temple   | Entered the Ecumenical Temple
  5995 | D:6      | Reached skill level 8 in Spellcasting
  5995 | D:6      | Reached skill level 10 in Conjurations
  6242 | D:6      | Noticed Pikel
  6252 | D:6      | Killed Pikel
  6253 | D:6      | Reached XP level 9. HP: 45/45 MP: 17/23
  6425 | D:6      | HP: 7/45 [orc warrior/+0 glaive (15)]
  6427 | D:6      | Reached skill level 9 in Spellcasting
  6427 | D:6      | Reached skill level 11 in Conjurations
  7677 | D:7      | Reached skill level 12 in Conjurations
  7681 | D:7      | Reached skill level 10 in Spellcasting
  8810 | D:8      | HP: 11/45 [gnoll sergeant/+2 spear of freezing (3)]
  9033 | D:8      | Found Loamed's Magic Scroll Shoppe.
  9069 | D:8      | Reached skill level 13 in Conjurations
  9073 | D:8      | Reached XP level 10. HP: 50/50 MP: 19/26
  9288 | D:8      | Found a white marble altar of Elyvilon.
  9328 | D:8      | Reached skill level 11 in Spellcasting
  9468 | D:8      | Reached skill level 1 in Fighting
 10000 | D:8      | Found a one-way gate to the infinite horrors of the Abyss.
 10096 | D:8      | Found a corrupted altar of Lugonu.
 10455 | D:9      | Noticed Erolcha
 10463 | D:9      | Killed Erolcha
 10464 | D:9      | Reached skill level 2 in Fighting
 10610 | D:9      | Reached skill level 12 in Spellcasting
 10715 | D:9      | Noticed Prince Ribbit
 10720 | D:9      | Killed Prince Ribbit
 11275 | D:9      | Found a staircase to the Lair.
 11296 | D:9      | Noticed a death yak
 11296 | D:9      | Noticed a death yak
 11297 | D:9      | Noticed a death yak
 11298 | D:9      | Noticed a death yak
 11299 | D:9      | Noticed a death yak
 11299 | D:9      | Noticed a death yak
 11300 | D:9      | Noticed a death yak
 11307 | D:9      | Killed a death yak
 11308 | D:9      | Reached skill level 14 in Conjurations
 11310 | D:9      | Killed a death yak
 11311 | D:9      | Reached skill level 3 in Fighting
 11313 | D:9      | Killed a death yak
 11314 | D:9      | Reached skill level 13 in Spellcasting
 11314 | D:9      | Reached XP level 11. HP: 39/60 MP: 18/30
 11315 | D:9      | Killed a death yak
 11319 | D:9      | HP: 11/60 [death yak (15)]
 11321 | D:9      | Killed a death yak
 11330 | D:9      | Killed a death yak
 11339 | D:9      | Killed a death yak
 11619 | D:10     | Entered Level 10 of the Dungeon
 11767 | D:10     | Reached skill level 14 in Spellcasting
 11966 | D:10     | Found a transporter.
 11970 | D:10     | Noticed an ogre mage
 12014 | D:10     | Found a glowing golden altar of the Shining One.
 12014 | D:10     | Found a burning altar of Makhleb.
 12014 | D:10     | Found an ancient bone altar of Kikubaaqudgha.
 12041 | D:10     | Noticed a wolf spider
 12082 | D:10     | Reached skill level 4 in Fighting
 12082 | D:10     | Reached skill level 15 in Conjurations
 12135 | D:10     | Found a transporter.
 12179 | D:10     | Found a shimmering blue altar of Sif Muna.
 12192 | D:10     | Became a worshipper of Sif Muna the Loreminder
 12308 | D:10     | Noticed a two-headed ogre
 12316 | D:10     | Killed a two-headed ogre
 12317 | D:10     | Reached skill level 1 in Invocations
 12390 | D:10     | Learned a level 3 spell: Call Canine Familiar
 12394 | D:10     | Learned a level 3 spell: Summon Guardian Golem
 12809 | D:11     | Found a staircase to the Orcish Mines.
 12861 | D:11     | Reached skill level 2 in Invocations
 13027 | D:11     | Reached * piety under Sif Muna
 13388 | D:11     | Reached skill level 3 in Invocations
 13497 | D:11     | Found Pips's Elemental Accessories.
 13696 | Orc:1    | Entered Level 1 of the Orcish Mines
 13706 | Orc:1    | HP: 14/62 [ogre/+0 giant spiked club (25)]
 14009 | Orc:1    | Noticed an orc knight
 14040 | Orc:1    | Reached skill level 5 in Fighting
 14053 | Orc:1    | Killed an orc knight
 14106 | Orc:1    | Noticed an ettin
 14135 | Orc:1    | HP: 13/63 [ettin/+0 dire flail (39)]
 14135 | Orc:1    | HP: 4/63 [ettin/+0 dire flail (9)]
 14137 | Orc:1    | Killed an ettin
 14138 | Orc:1    | Reached skill level 4 in Invocations
 14138 | Orc:1    | Reached XP level 12. HP: 7/68 MP: 3/32
 14317 | Orc:1    | Found a bloodstained altar of Trog.
 14496 | Orc:2    | Entered Level 2 of the Orcish Mines
 14496 | Orc:2    | Found a staircase to the Elven Halls.
 14738 | Orc:2    | Noticed Josephine
 14740 | Orc:2    | Noticed a two-headed ogre
 14742 | Orc:2    | Noticed an orc high priest
 14745 | Orc:2    | Reached ** piety under Sif Muna
 14746 | Orc:2    | Reached skill level 15 in Spellcasting
 14746 | Orc:2    | Killed Josephine
 14753 | Orc:2    | Killed a two-headed ogre
 14754 | Orc:2    | Reached skill level 5 in Invocations
 14835 | Orc:2    | HP: 3/69 [orc sorcerer/bolt of fire (31)]
 14850 | Orc:2    | Reached skill level 6 in Fighting
 14851 | Orc:2    | Reached skill level 16 in Conjurations
 14853 | Orc:2    | HP: 1/70 [ynoxinul/iron shot[an orc high priest] (22)]
 14854 | Orc:2    | Killed from afar by a ynoxinul

Illustrated notes

Levels and vault maps discovered:
D:1:      dpeg_arrival_rhombus, layout_rooms
D:2:      layout_basic, shapermc_ecumenical_altar_mp_ritualfount
D:3:      layout_basic, uniq_jessica
D:4:      layout_cave_pods, kennysheep_orc_chapel
D:5:      layout_cave_pods, nicolae_dithmenos_the_darkroom, grunt_qazlal_clouds,
          serial_undead, serial_undead_a, serial_undead_d, serial_undead_b,
          serial_undead_c, portal_sewer_entry_b
D:6:      layout_basic, minmay_temple_entry_drinking_statues, uniq_pikel,
          uniq_sigmund
D:7:      layout_basic, minivault_4, dreamdust_princess_corridor,
          minmay_misc_feat_more_columns
D:8:      layout_loops_ring, marbit_many_paths, serial_shops, shop,
          st_stairs_12, amcnicky_altar_lugonu_corruption
D:9:      cheibrodos_iron_armory, layout_stronghold, dpeg_lair_monsters,
          uniq_erolcha, uniq_prince_ribbit1
D:10:     layout_loops_ring, gammafunk_temple_overflow_arena,
          lemuel_doored_altar
D:11:     layout_irregular_city, hiddenorc1_lemuel, nicolae_elemental_shop
Temple:   hellmonk_temple_of_storms
Orc:1:    layout_caves, trog_butcher_becter
Orc:2:    grunt_orc_community_town_hall, layout_caves,
          grunt_orc_community_big_house_1, grunt_orc_community_big_house_1,
          grunt_orc_community_house_3, grunt_orc_community_house_2,
          grunt_orc_community_house_3, grunt_orc_community_house_1, basic_altar,
          gammafunk_ghost_arena, serial_shops, nicolae_square_shop,
          portal_ice_cave_entry_ice_simulacra, guppyfry_orc_lava_fort,
          uniq_saint_roka, uniq_josephine

Skill      XL: |  1  2  3  4  5  6  7  8  9 10 11 12 |
---------------+-------------------------------------+-----
Conjurations   | 5 6 7 8 10 13 14 15 16 | 16.0
Spellcasting   | 4 5 7 8 10 13 14 15 | 15.5
Hexes          | 1 2 3 |  3.0
Translocations | 1 2 3 |  3.0
Fighting       | 3 5 6 |  6.0
Invocations    | 4 5 |  5.7
Dodging        | |  2.4
Stealth        | |  2.4

Action                   |  1- 3 |  4- 6 |  7- 9 | 10-12 || total
-------------------------+-------+-------+-------+-------++-------
Melee: Short sword       |     2 |     2 |       |       ||     4
       Halberd           |       |       |     1 |     7 ||     8
 Cast: Magic Dart        |    57 |    74 |    89 |    53 ||   273
       Searing Ray       |     4 |    16 |    48 |    34 ||   102
       Fulminant Prism   |       |       |    19 |    41 ||    60
       Iskenderun's Myst |       |       |     1 |    82 ||    83
       Summon Guardian G |       |       |       |    26 ||    26
       Call Canine Famil |       |       |       |    13 ||    13
Invok: Channel Magic     |       |       |       |     3 ||     3
  Use: Scroll            |       |     6 |     7 |    13 ||    26
       Potion            |       |       |       |     4 ||     4
 Stab: Sleeping          |       |       |       |     1 ||     1
Armor: Robe              |     1 |     4 |    11 |     1 ||    17
       Troll leather arm |       |       |       |    17 ||    17
Dodge: Dodged            |     1 |     5 |    20 |    46 ||    72
       Repelled          |       |       |       |     7 ||     7

Table legend: (Time is in decaauts)
 A = Elapsed time spent in this place.
 B = Non-inter-level travel time spent in this place.
 C = Inter-level travel time spent in this place.
 D = Time resting spent in this place.
 E = Time spent auto-exploring this place.
 F = Levels seen in this place.
 G = Mean time per level.
                   A        B        C        D        E       F      G
               +--------+--------+--------+--------+--------+-----+--------+
         Total |  14852 |  14481 |    371 |   2160 |  10548 |  14 | 1060.9 |
       Dungeon |  13643 |  13328 |    315 |   1728 |  10185 |  11 | 1240.3 |
        Temple |     49 |     39 |     10 |      0 |     22 |   1 |   49.0 |
  Orcish Mines |   1159 |   1114 |     45 |    432 |    341 |   2 |  579.5 |
               +--------+--------+--------+--------+--------+-----+--------+

Top non-repeatable levels by time:
     D:6: 1703 daAuts
     D:5: 1662 daAuts
     D:8: 1462 daAuts
     D:7: 1436 daAuts
     D:9: 1401 daAuts
     D:3: 1305 daAuts
    D:11: 1292 daAuts
     D:4: 1143 daAuts
   Orc:1: 1063 daAuts
     D:2: 891 daAuts
    D:10: 783 daAuts
     D:1: 558 daAuts
   Orc:2: 95 daAuts
  Temple: 49 daAuts

Table legend:
 A = Kills in this place as a percentage of kills in entire the game.
 B = Kills by you in this place as a percentage of kills by you in the entire game.
 C = Kills by friends in this place as a percentage of kills by friends in the entire game.
 D = Other kills in this place as a percentage of other kills in the entire game.
 E = Experience gained in this place as a percentage of experience gained in the entire game.
 F = Experience gained in this place divided by the number of levels of this place that you have seen.
                   A       B       C       D       E      F
               +-------+-------+-------+-------+-------+----------------------
         Total | 100.0 | 100.0 | 100.0 | 100.0 | 100.0 | 2180.1
       Dungeon |  83.2 |  86.4 |  44.4 |  46.7 |  64.7 | 1794.4
  Orcish Mines |  16.8 |  13.6 |  55.6 |  53.3 |  35.3 | 5391.5
               +-------+-------+-------+-------+-------+----------------------
